 Dungeon Crawl Stone Soup version 0.30-a0-757-ga6a79fd877 (webtiles) character file.

Game seed: 1502886943131425384

168 sircluck the Shooter (level 5, -1/27 HPs)
             Began as a Spriggan Hunter on Feb 9, 2023.
             Killed from afar by Ijyb (5 damage)
             ... with a puff of flame
             ... on level 3 of the Dungeon.
             The game lasted 00:06:06 (2088 turns).

sircluck the Shooter (Spriggan Hunter)              Turns: 2088, Time: 00:06:07

Health: -1/27      AC:  2    Str:  7    XL:     5   Next: 23%
Magic:  6/6        EV: 18    Int: 10    God:
Gold:   88         SH:  0    Dex: 21    Spells: 4/4 levels left

rFire   . . .      SeeInvis +    a - +0 shortbow
rCold   . . .      Faith    .    (shield currently unavailable)
rNeg    . . .      Spirit   .    c - +0 robe
rPois   .          Reflect  .    (helmet restricted)
rElec   .          Harm     .    (no cloak)
rCorr   .          Rampage  .    (gloves unavailable)
Will    .....                    (boots unavailable)
Stlth   ++                       (no amulet)
HPRegen 0.24/turn                (no ring)
MPRegen 0.10/turn                (no ring)

@: very quick
A: very small, no large weapons, unfitting armour, see invisible, speed 3
a: no special abilities


You were on level 3 of the Dungeon.
You visited 1 branch of the dungeon, and saw 3 of its levels.

You collected 88 gold pieces.

Inventory:

Hand Weapons
 a - a +0 shortbow (weapon)
 o - a +3 dagger
Missiles
 j - 5 atropa-tipped darts
Armour
 c - a +0 robe (worn)
Jewellery
 k - a +4 ring of protection
Scrolls
 b - a scroll of immolation
 d - 2 scrolls of fear {unknown}
 f - a scroll of vulnerability {unknown}
 h - 4 scrolls of identify {unknown}
 i - a scroll of enchant weapon {unknown}
 p - a scroll of noise {unknown}
 r - a scroll of amnesia {unknown}
Potions
 e - 3 potions of curing {unknown}
 g - a potion of heal wounds
 l - a potion of haste {unknown}
 m - 3 potions of degeneration {unknown}
 n - 4 potions of might {unknown}
 q - a potion of flight {unknown}


   Skills:
 + Level 2.3 Fighting
 + Level 6.1 Ranged Weapons
 + Level 2.9 Dodging
 + Level 1.9 Stealth


You had 4 spell levels left.
You didn't know any spells.
Your spell library contained the following spells:

 Spells                   Type           Power      Damage    Failure   Level
 Malign Gateway           Summ/Tloc      0%         N/A       100%        7
 Summon Horrible Things   Summ           0%         N/A       100%        8


Dungeon Overview and Level Annotations

Branches:
Dungeon (3/15)

Altars:
Qazlal

Annotations:
D:3 Ijyb


Innate Abilities, Weirdness & Mutations

You are very small and have problems with some larger weapons.
You are too small for most types of armour.
You have supernaturally acute eyesight. (SInv)
You cover ground extremely quickly. (Speed+++)


Message History

You hear a shout! x2
You shoot an arrow. The arrow misses the quokka.
You hear a shout!
You shoot an arrow. The arrow closely misses the quokka.
An orc comes into view. It is wielding a +0 mace.
You shoot an arrow. The arrow barely misses the orc.
You hear a shout!
An orc comes into view.
It is wielding a +0 falchion of holy wrath.
An orc comes into view. It is wielding a +0 dagger.
Ijyb opens the door.
The orc hits you with a +0 mace.
Ijyb shouts!
You shoot an arrow. The arrow hits the orc.
The orc is heavily wounded.
Ijyb screams, "It's all mine!"
The orc completely misses you.
You shoot an arrow. The arrow completely misses the orc.
The arrow closely misses the orc.
Ijyb zaps a wand.
The puff of flame misses you.
The puff of flame hits the orc!
The orc dies!
You shoot an arrow. The arrow hits the orc.
The orc is moderately wounded.
Ijyb zaps a wand.
The puff of flame hits you! The orc completely misses you.
You are too injured to fight recklessly!
You are too injured to fight recklessly!
You are too injured to fight recklessly!
You are too injured to fight recklessly!
You are too injured to fight recklessly!
You are too injured to fight recklessly!
You are too injured to fight recklessly!
You are too injured to fight recklessly!
You are too injured to fight recklessly!
You shoot an arrow. The arrow hits the orc.
The orc is heavily wounded.
The orc completely misses you.
Ijyb zaps a wand.
The puff of flame hits you!
* * * LOW HITPOINT WARNING * * *
Things that are here:
a +0 dagger; a goblin corpse Ijyb completely misses you.
Ijyb zaps a wand.
The puff of flame hits you.
You die...

#....... #.# #......
#.# ##..... #.# .....
#### .##.# o.. .....
....# #r#+#
###...........
#.#.####..... #......
#o#.#....#..........#
#g..@....#...........
#'####.#.#...........
#... ...#.#...#.[>....
#...#####.#.....#+##.†
#...# #.##..#.......
#...# #.#..>+.....#.
#...# +.>...#....##.
#.. . ###.#<#.<..##.
.. #.#.#....##.


You could see Ijyb and an orc.

Vanquished Creatures
  A scorpion (D:3)
  4 adders
  3 worms (D:2)
  A dart slug (D:2)
  An orc (D:3)
  6 ball pythons
  5 bats
  6 endoplasms
  A giant cockroach (D:1)
  4 goblins
  10 hobgoblins
  6 kobolds
  2 quokkas
  2 frilled lizards
  4 rats
56 creatures vanquished.

Vanquished Creatures (others)
  An orc (D:3)
1 creature vanquished.

Grand Total: 57 creatures vanquished

Notes
Turn   | Place    | Note
-------+----------+-------------------------------------------
     0 | D:1      | sircluck the Spriggan Hunter began the quest for the Orb.
     0 | D:1      | Reached XP level 1. HP: 10/10 MP: 2/2
   263 | D:1      | Reached XP level 2. HP: 15/15 MP: 3/3
   375 | D:1      | Found a faded altar of an unknown god.
   698 | D:2      | Found a stormy altar of Qazlal.
   780 | D:2      | Reached XP level 3. HP: 6/18 MP: 4/4
   785 | D:2      | Reached skill level 5 in Ranged Weapons
   921 | D:2      | Reached XP level 4. HP: 23/23 MP: 5/5
  1538 | D:3      | Noticed a scorpion
  1622 | D:3      | Killed a scorpion
  1623 | D:3      | Reached XP level 5. HP: 15/26 MP: 6/6
  1691 | D:3      | Reached skill level 6 in Ranged Weapons
  1916 | D:3      | Noticed Ijyb
  2088 | D:3      | Killed from afar by Ijyb

Illustrated notes

Levels and vault maps discovered:
D:1:      minmay_arrival_open_corners, layout_loops_cross,
          hellmonk_ecumenical_altar_prayer_group
D:2:      layout_basic, basic_altar, minmay_misc_feat_rows,
          mrwooster_statue_mirror
D:3:      layout_basic, uniq_ijyb

Skill      XL: |  1  2  3  4  5 |
---------------+----------------+-----
Fighting       | 2 |  2.3
Ranged Weapons | 5 6 |  6.1
Dodging        | |  2.9
Stealth        | |  1.9

Action                     |  1- 3 |  4- 6 || total
---------------------------+-------+-------++-------
   Fire: Shortbow          |    93 |    96 ||   189
    Use: Potion            |     1 |       ||     1
 Armour: Robe              |    12 |     6 ||    18
  Dodge: Dodged            |    56 |    50 ||   106

Table legend: (Time is in decaauts)
 A = Elapsed time spent in this place.
 B = Non-inter-level travel time spent in this place.
 C = Inter-level travel time spent in this place.
 D = Time resting spent in this place.
 E = Time spent auto-exploring this place.
 F = Levels seen in this place.
 G = Mean time per level.
                   A        B        C        D        E       F      G
               +--------+--------+--------+--------+--------+-----+--------+
         Total |   1506 |   1370 |    136 |    104 |    813 |   3 |  502.0 |
       Dungeon |   1506 |   1370 |    136 |    104 |    813 |   3 |  502.0 |
               +--------+--------+--------+--------+--------+-----+--------+

Top non-repeatable levels by time:
     D:2: 589 daAuts
     D:3: 464 daAuts
     D:1: 452 daAuts
